 Dungeon Crawl Stone Soup version 0.18.1-48-g4cf74bf (webtiles) character file.

9950 Gargoyl the Protected (level 11, 0/86 HPs)
             Began as a Demonspawn Abyssal Knight on July 29, 2016.
             Was the Champion of Lugonu.
             Killed from afar by an orc sorcerer (9 damage)
             ... with a bolt of fire
             ... on level 1 of the Orcish Mines.
             The game lasted 00:38:03 (16887 turns).

Gargoyl the Protected (Demonspawn Abyssal Knight)  Turns: 16887, Time: 00:38:04

Health: 0/86       AC: 20    Str: 15    XL:     11   Next: 29%
Magic:  13/13      EV:  6    Int: 15    God:    Lugonu [******]
Gold:   738        SH:  8    Dex: 12    Spells: 0 memorised, 10 levels left

rFire  + . .     SeeInvis .     s - +3 broad axe
rCold  . . .     Gourm    .     e - +2 chain mail of an ossuary {rF+}
rNeg   . . .     Faith    .     u - +0 shield
rPois  +         Spirit   .     (no helmet)
rElec  .         Dismiss  .     H - +0 cloak {rPois}
rCorr  +         Reflect  .     y - +1 pair of gloves
SustAt .         Harm     .     (no boots)
MR     .....                    (no amulet)
Stlth  ..........               (no ring)
                                G - ring of resist corrosion

@: slowed, very slow, not resistant to hostile enchantments, extremely
unstealthy
A: yellow scales 1, demonic guardian 1, powered by pain 2
a: Depart the Abyss, Bend Space, Banish, Corrupt, Enter the Abyss, Brand Weapon
With Distortion, Renounce Religion


You were on level 1 of the Orcish Mines.
You worshipped Lugonu.
Lugonu was exalted by your worship.
You were not hungry.

You visited 2 branches of the dungeon, and saw 11 of its levels.
You visited the Abyss 1 time.
You also visited: Sewer and Ossuary.

You collected 782 gold pieces.
You spent 44 gold pieces at shops.

Inventory:

Hand Weapons
 d - the +2 mace of Keplup {venom, Str+3}
   (You found it on level 2 of the Abyss)

   It poisons the flesh of those it strikes.
   It affects your strength (+3).
 s - a +3 broad axe (weapon)
Missiles
 a - 7 javelins of penetration
 A - 5 poisoned tomahawks (quivered)
Armour
 e - the +2 chain mail of an ossuary (worn) {rF+}
   (You found it on level 2 of the Abyss)

   It protects you from fire.
 u - a +0 shield (worn)
 y - a +1 pair of gloves (worn)
 H - a +0 cloak of poison resistance (worn)
Jewellery
 G - a ring of resist corrosion (left hand)
Wands
 k - a wand of flame (29/48)
 n - a wand of flame (48/48)
 F - a wand of paralysis (11/24)
 I - a wand of paralysis (9/24)
 K - a wand of flame (27/48)
Scrolls
 f - a scroll of blinking
 h - 2 scrolls of recharging
 i - 4 scrolls of remove curse
 j - 3 scrolls of fear
 l - a scroll of fog
 t - 2 scrolls of teleportation
 x - 3 scrolls of identify
Potions
 p - 2 potions of cancellation
 r - a potion of ambrosia
 v - 6 potions of flight
 w - 2 potions of degeneration
 C - a potion of might
Books
 g - a book of Enchantments

   Spells                             Type                      Level
   a - Cause Fear                     Hexes                        4
   b - Yara's Violent Unravelling     Hexes/Transmutation          5
   c - Silence                        Hexes/Air                    5
   d - Deflect Missiles               Charms/Air                   6
   e - Haste                          Charms                       6
   f - Discord                        Hexes                        8
 B - a book of Fire

   Spells                             Type                      Level
   a - Ignite Poison                  Fire/Transmutation/Poison    3
   b - Fireball                       Conjuration/Fire             5
   c - Bolt of Fire                   Conjuration/Fire             6
   d - Delayed Fireball               Conjuration/Fire             7
   e - Ring of Flames                 Charms/Fire                  7
 E - a book of Death

   Spells                             Type                      Level
   a - Corpse Rot                     Necromancy                   2
   b - Sublimation of Blood           Necromancy                   2
   c - Agony                          Necromancy                   5
   d - Dispel Undead                  Necromancy                   5
   e - Excruciating Wounds            Charms/Necromancy            5
   f - Bolt of Draining               Conjuration/Necromancy       5
Comestibles
 b - 2 beef jerkies
 c - 5 bread rations
 o - 2 meat rations
 q - 9 chunks of flesh
 D - a slice of pizza


   Skills:
 + Level 8.0 Fighting
 + Level 6.1(6.9) Axes
 + Level 5.0(6.4) Maces & Flails
 * Level 11.4 Armour
 + Level 4.3 Dodging
 + Level 1.6 Stealth
 + Level 2.6 Shields
 + Level 2.7 Invocations


You had 10 spell levels left.
You didn't know any spells.

Dungeon Overview and Level Annotations

Branches:
Dungeon (9/15)             Temple (0/1) D:4            Lair (0/8) D:9
    Orc (2/2) D:9             Elf (0/3) Orc:2

Altars:
Cheibriados
Elyvilon
Fedhas
Kikubaaqudgha
Makhleb
Nemelex Xobeh
Qazlal
Ru
Sif Muna
Vehumet
Beogh

Shops:
D:7 (   D:8 [

Annotations:
Orc:2 Maurice


Innate Abilities, Weirdness & Mutations

You are partially covered in yellow scales (AC +2).
A weak demonic guardian rushes to your aid.
You sometimes gain power by taking damage.


Message History

The soul eater draws from the surrounding life force!
* * * LOW HITPOINT WARNING * * *
There is a stone staircase leading up, spattered with blood here.
You block the ogre's attack. Something hits you.
* * * LOW HITPOINT WARNING * * *
Maurice says, "Have you got some gold to spare?"
Maurice mumbles some strange words.
Maurice flickers and vanishes!
Send 'em back where they came from!
Your iron imp disappears in a puff of smoke!
Your iron imp shudders.
You block the ogre's attack. Something hits you but does no damage.
You climb upwards.
There is a stone staircase leading down here.
Things that are here:
a robe; a dagger Drink which item? (? for menu, Esc to quit)
You feel better.
The orc sorcerer gestures at you while chanting.
The bolt of fire hits you! You resist.
You die...

##.##.##. #........
##### ###.#.....
###.#.####.##...#.#
##...........#..####
#...............#
#..............##
#.............##
##o@..........#
##O.).....##.##
#.........####
##........##
#..........##
##..........#
##......##.##
#......#####
#.......#


You could see an orc sorcerer and an ogre.

Vanquished Creatures
  An orc knight (D:9)
  An orc sorcerer (Orc:2)
  A troll (Orc:2)
  The ghost of Gargoyl the Covered, an amateur DsAK of Lugonu (Ossuary)
  2 two-headed ogres (Orc:2)
  A wyvern (D:9)
  7 yaks (D:9)
  A hungry ghost (D:8)
  Eustachio (D:6)
  A water moccasin (D:6)
  Duvessa (D:6)
  A black bear (D:9)
  2 wasps (D:9)
  8 orc warriors
  A phantom (D:8)
  3 ice beasts
  A necrophage (D:8)
  10 ogres
  5 centaurs
  Blork the orc (D:4)
  5 giant frogs
  A gnoll sergeant (D:8)
  Dowan (D:6)
  A wyvern skeleton (D:6)
  A scorpion (D:4)
  5 killer bees
  A vampire bat (D:4)
  3 crimson imps
  4 centaur zombies (Ossuary)
  2 human zombies (Ossuary)
  A quasit (D:7)
  A jelly (D:8)
  12 orc priests
  2 centaur skeletons
  4 hounds
  2 iron imps (D:3)
  Jessica (D:2)
  2 giant frog skeletons
  3 iguanas
  Terence (D:2)
  Ijyb (D:2)
  Natasha (thrice) (D:3)
  10 orc wizards
  11 worker ants
  A big kobold zombie (Ossuary)
  2 hound zombies (Ossuary)
  3 mummies (Ossuary)
  17 gnolls
  A worker ant zombie (D:9)
  9 adders
  2 river rats (D:9)
  5 oozes
  An adder skeleton (D:6)
  An adder zombie (Ossuary)
  9 worms
  7 dart slugs
  A fire bat (D:4)
  7 giant geckos
  28 orcs
  4 ball pythons
  24 bats
  2 bat skeletons (D:4)
  A bat zombie (D:4)
  5 giant cockroaches
  2 gnoll zombies (Ossuary)
  3 goblins
  9 hobgoblins
  6 jackals
  9 kobolds
  3 quokkas
  A bat simulacrum (D:4)
  11 giant newts
  8 goblin zombies (Ossuary)
  2 hobgoblin zombies (Ossuary)
  3 jackal skeletons
  3 jackal zombies (Ossuary)
  2 kobold zombies (Ossuary)
  An orc zombie (Ossuary)
  A quokka zombie (Ossuary)
  18 rats
  A rat zombie (Ossuary)
  5 fungi (D:9)
346 creatures vanquished.

Vanquished Creatures (collateral kills)
  A troll (Orc:1)
  A hungry ghost (D:7)
  A warg (Orc:2)
  2 orc warriors
  An ogre (Orc:2)
  2 centaurs
  A giant frog (D:7)
  10 killer bees
  A giant frog zombie (D:7)
  Crazy Yiuf (D:2)
  A giant frog skeleton (D:9)
  An iron imp (D:3)
  A worker ant (D:4)
  A hound zombie (Ossuary)
  A gnoll (D:4)
  A river rat (D:9)
  2 bats (D:4)
  2 fire bats (D:4)
  An orc (D:7)
  2 spectral bats (D:4)
  A bat skeleton (D:4)
  A goblin zombie (Ossuary)
  2 hobgoblin zombies (Ossuary)
  A rat zombie (Ossuary)
39 creatures vanquished.

Vanquished Creatures (others)
  A fungus (D:9)
1 creature vanquished.

Grand Total: 386 creatures vanquished

Notes
Turn   | Place    | Note
--------------------------------------------------------------
     0 | Abyss:1  | Gargoyl the Demonspawn Abyssal Knight began the quest for the Orb.
     0 | Abyss:1  | Reached XP level 1. HP: 18/18 MP: 2/2
    54 | Abyss:2  | Got a smoking mace
    83 | Abyss:2  | Got a garnet-encrusted chain mail
    94 | Abyss:2  | Identified the +2 chain mail of an ossuary {rF+} (You found it on level 2 of the Abyss)
    94 | Abyss:2  | Identified the cursed +2 mace of Keplup {venom, Str+3} (You found it on level 2 of the Abyss)
   144 | Abyss:2  | Noticed a small abomination
   144 | D:1      | Escaped the Abyss
   466 | D:1      | Reached * piety under Lugonu
   466 | D:1      | Reached skill level 2 in Armour
   496 | D:1      | Gained mutation: A weak demonic guardian rushes to your aid. [demonic ancestry]
   496 | D:1      | Reached XP level 2. HP: 22/24 MP: 3/3
   849 | D:1      | Reached XP level 3. HP: 28/29 MP: 3/5
  1177 | D:1      | Reached ** piety under Lugonu
  1430 | D:2      | Gained mutation: You sometimes gain a little power by taking damage. [demonic ancestry]
  1430 | D:2      | Reached XP level 4. HP: 28/37 MP: 6/6
  1563 | D:2      | Found a sacrificial altar of Ru.
  1643 | D:2      | Noticed Terence
  1651 | D:2      | Killed Terence
  1651 | D:2      | Reached skill level 3 in Armour
  1670 | D:2      | Noticed Crazy Yiuf
  1674 | D:2      | Killed Crazy Yiuf
  1674 | D:2      | Reached skill level 1 in Dodging
  1723 | D:2      | Found a deep blue altar of Sif Muna.
  1784 | D:2      | Noticed Jessica
  1788 | D:2      | Killed Jessica
  1788 | D:2      | Reached skill level 1 in Maces & Flails
  1788 | D:2      | Reached XP level 5. HP: 37/42 MP: 7/7
  1850 | D:2      | Noticed Ijyb
  1870 | D:2      | Killed Ijyb
  2098 | D:3      | Noticed Natasha
  2108 | D:3      | Killed Natasha
  2193 | D:3      | Noticed Natasha
  2198 | D:3      | Killed Natasha
  2198 | D:3      | Reached skill level 4 in Armour
  2531 | D:3      | Found a white marble altar of Elyvilon.
  2604 | D:3      | Reached XP level 6. HP: 37/49 MP: 8/8
  2663 | D:3      | Found a burning altar of Makhleb.
  2683 | D:3      | Reached *** piety under Lugonu
  2747 | D:3      | Noticed Natasha
  2753 | D:3      | Killed Natasha
  3180 | D:4      | Found a glowing drain.
  3189 | Sewer    | Entered a sewer
  4084 | D:4      | Reached **** piety under Lugonu
  4097 | D:4      | Gained mutation: You sometimes gain power by taking damage. [demonic ancestry]
  4097 | D:4      | Reached XP level 7. HP: 54/55 MP: 9/9
  4160 | D:4      | Found a staircase to the Ecumenical Temple.
  4210 | D:4      | Reached skill level 5 in Armour
  4272 | D:4      | Noticed Blork the orc
  4283 | D:4      | Killed Blork the orc
  4735 | D:4      | Reached skill level 5 in Fighting
  4982 | D:5      | Entered Level 5 of the Dungeon
  5206 | D:5      | Found a sand-covered staircase.
  5216 | Ossuary  | Entered an ossuary
  5224 | Ossuary  | Noticed Gargoyl's ghost (amateur DsAK)
  5248 | Ossuary  | Reached XP level 8. HP: 5/62 MP: 10/10
  5269 | Ossuary  | Killed Gargoyl's ghost
  5269 | Ossuary  | Reached skill level 6 in Armour
  5275 | Ossuary  | Reached ***** piety under Lugonu
  6262 | D:5      | Found a stormy altar of Qazlal.
  6298 | D:5      | Found a snail-covered altar of Cheibriados.
  6347 | D:5      | Reached skill level 7 in Armour
  6363 | D:5      | Found an ancient bone altar of Kikubaaqudgha.
  7189 | D:6      | Noticed Eustachio
  7204 | D:6      | Killed Eustachio
  7204 | D:6      | Gained mutation: You are partially covered in yellow scales (AC +2). [demonic ancestry]
  7204 | D:6      | Reached XP level 9. HP: 69/69 MP: 11/11
  7305 | D:6      | Noticed Dowan
  7307 | D:6      | Noticed Duvessa
  7324 | D:6      | Killed Duvessa
  7667 | D:5      | Reached skill level 8 in Armour
  7721 | D:6      | Killed Dowan
  8350 | D:6      | Found a sparkling altar of Nemelex Xobeh.
  8415 | D:6      | Reached skill level 1 in Stealth
  9412 | D:7      | Found a blossoming altar of Fedhas.
  9413 | D:7      | Identified a scroll of acquirement
  9721 | D:7      | Reached skill level 9 in Armour
 10069 | D:7      | Found Laulot's Weapon Boutique.
 10077 | D:7      | Bought a +0 broad axe for 44 gold pieces
 10700 | D:8      | Found Awu Ymmo's Armour Emporium.
 10705 | D:8      | Reached skill level 5 in Maces & Flails
 10962 | D:8      | Reached XP level 10. HP: 65/77 MP: 12/12
 11464 | D:8      | Found a radiant altar of Vehumet.
 11538 | D:8      | Reached skill level 10 in Armour
 11656 | D:9      | Reached ****** piety under Lugonu
 11931 | D:9      | Found a staircase to the Lair.
 11946 | D:9      | Got a smoking long sword
 11947 | D:9      | Identified the +5 long sword of Sloth {drain, +Rage} (You found it on level 9 of the Dungeon)
 12209 | D:9      | Reached skill level 5 in Axes
 12782 | D:9      | Reached skill level 1 in Shields
 13525 | D:9      | Found a staircase to the Orcish Mines.
 13571 | D:9      | Found a roughly hewn altar of Beogh.
 13582 | Orc:1    | Entered Level 1 of the Orcish Mines
 13582 | Orc:1    | Noticed an orc knight
 14814 | D:9      | Killed an orc knight
 14814 | D:9      | Reached skill level 11 in Armour
 14814 | D:9      | Reached XP level 11. HP: 12/84 MP: 13/13
 15243 | D:9      | HP: 3/84 [orc warrior/battleaxe[an orc knight] (12)]
 15880 | Orc:2    | Entered Level 2 of the Orcish Mines
 15880 | Orc:2    | Found a staircase to the Elven Halls.
 15880 | Orc:2    | Noticed an orc sorcerer
 15885 | Orc:2    | Paralysed by an orc sorcerer for 2 turns
 16080 | Orc:2    | Paralysed by an orc sorcerer for 2 turns
 16083 | Orc:2    | Killed an orc sorcerer
 16377 | Orc:2    | Found a roughly hewn altar of Beogh.
 16600 | Orc:2    | Noticed Maurice
 16865 | Orc:2    | Noticed an ogre mage
 16877 | Orc:2    | Noticed an orc sorcerer
 16883 | Orc:2    | Noticed a soul eater
 16885 | Orc:2    | HP: 3/86 [something (3)]
 16887 | Orc:1    | Killed from afar by an orc sorcerer

Skill      XL: |  1  2  3  4  5  6  7  8  9 10 11 |
---------------+----------------------------------+-----
Axes           | 2 3 5 6 |  6.1
Armour         | 2 3 4 5 7 9 11 | 11.4
Fighting       | 4 5 6 7 8 |  8.0
Dodging        | 1 2 3 4 |  4.3
Maces & Flails | 1 2 3 4 5 |  5.0
Stealth        | 1 |  1.6
Shields        | 2 |  2.6
Invocations    | |  2.7

Action                   |  1- 3 |  4- 6 |  7- 9 | 10-12 || total
-------------------------+-------+-------+-------+-------++-------
Melee: Mace              |    91 |   200 |   461 |       ||   752
       Hand axe          |       |       |   205 |       ||   205
       Broad axe         |       |       |    31 |   446 ||   477
Throw: Tomahawk          |       |       |     1 |     4 ||     5
Invok: Depart the Abyss  |     1 |       |       |       ||     1
       Bend Space        |       |     1 |       |       ||     1
  Use: Scroll            |     1 |     2 |    12 |    10 ||    25
       Potion            |       |       |     6 |     7 ||    13
 Stab: Distracted        |       |       |     1 |     4 ||     5
  Eat: Chunk             |     2 |     9 |    20 |    14 ||    45
       Bread ration      |       |       |     1 |       ||     1
       Meat ration       |       |       |     3 |     1 ||     4
       Pizza             |       |       |     2 |     1 ||     3
       Fruit             |       |       |       |     2 ||     2
Armor: Chain mail        |    66 |   171 |   696 |   475 ||  1408
Dodge: Dodged            |    47 |    97 |   368 |   210 ||   722
Block: Shield            |       |       |       |   182 ||   182
